 Dungeon Crawl Stone Soup version 0.27.1-33-g824d729ab1 (webtiles) character file.

Game seed: 9876414346254581375

95 McKennaii the Magician (level 4, -1/33 HPs)
             Began as a Demigod Conjurer on Dec 6, 2021.
             Slain by an orc (3 damage)
             ... on level 2 of the Dungeon.
             The game lasted 00:02:26 (3215 turns).

McKennaii the Magician (Demigod Conjurer)           Turns: 3215, Time: 00:02:28

Health: -1/33      AC:  2    Str:  8    XL:     4   Next: 17%
Magic:  1/13       EV: 12    Int: 24    God:
Gold:   101        SH:  0    Dex: 12    Spells: 4/11 levels left

rFire    . . .     SeeInvis .   (no weapon)
rCold    . . .     Faith    .   (no shield)
rNeg     . . .     Spirit   .   a - +0 robe
rPois    .         Reflect  .   (no helmet)
rElec    .         Harm     .   (no cloak)
rCorr    .         Rampage  .   (no gloves)
Will     .....                  (no boots)
Stlth    ++........             (no amulet)
HPRegen  0.11/turn              (no ring)
MPRegen  0.13/turn              (no ring)

@: very slightly contaminated
A: high mp 1, forlorn
a: no special abilities


You were on level 2 of the Dungeon.
You visited 1 branch of the dungeon, and saw 3 of its levels.

You collected 101 gold pieces.

Inventory:

Armour
 a - a +0 robe (worn)
Jewellery
 e - a ring of ice
Scrolls
 b - 2 scrolls of identify {unknown}
 c - a scroll of amnesia {unknown}
 f - a scroll of enchant armour {unknown}
 g - a scroll of fog {unknown}
 h - a scroll of enchant weapon {unknown}
 j - a scroll of noise {unknown}
Potions
 d - a potion of mutation {unknown}
 i - 2 potions of degeneration {unknown}


   Skills:
 - Level 1.7 Dodging
 - Level 1.7 Stealth
 + Level 4.0 Spellcasting
 - Level 3.6 Conjurations


You had 4 spell levels left.
You knew the following spells:

 Your Spells              Type           Power      Damage    Failure   Level
a - Magic Dart            Conj           88%        1d7       2%          1
b - Searing Ray           Conj           44%        3d4       3%          2
c - Iskenderun's Mystic   Conj/Tloc      13%        2d5       43%         4

Your spell library contained the following spells:

 Spells                   Type           Power      Damage    Failure   Level
 Dazzling Flash           Conj/Hex       26%        N/A       14%         3
 Fulminant Prism          Conj/Hex       6%         3d7       43%         4


Dungeon Overview and Level Annotations

Branches:
Dungeon (3/15)

Annotations:
D:3 Ijyb


Innate Abilities, Weirdness & Mutations

Your attributes grow dramatically as you level up.
You have an increased reservoir of magic. (+10% MP)
You shall have no god before yourself.


Message History

The orc is moderately wounded.
The magic dart hits the orc.
The orc is heavily wounded.
The orc hits you with a +0 flail. The orc closely misses you.
The orc hits you with a +0 dagger.
You climb upwards.
There is a stone staircase leading down here.
The magic dart hits the orc.
The orc is almost dead.
The orc hits you with a +0 flail! The orc misses you.
You are too injured to fight recklessly!
You are too injured to fight recklessly!
You are too injured to fight recklessly!
The orc hits you with a +0 flail. The orc hits you with a +0 dagger.
* * * LOW HITPOINT WARNING * * *
Casting: Magic Dart (safe; 2% risk of failure)
Confirm with . or Enter, or press ? or * to list all spells.
Aiming: Magic Dart (safe; 2% risk of failure)
Press: ? - help, Shift-Dir - straight line, f/p - orc
Aim: an orc, wielding a +0 flail (severely wounded, 100% to hit)
You miscast Magic Dart.
You are very lightly contaminated with residual magic.
Nothing appears to happen.
The orc hits you with a +0 flail!
* * * LOW HITPOINT WARNING * * *
Casting: Magic Dart (safe; 2% risk of failure)
Confirm with . or Enter, or press ? or * to list all spells.
Aiming: Magic Dart (safe; 2% risk of failure)
Press: ? - help, Shift-Dir - straight line, f/p - orc
Aim: an orc, wielding a +0 flail (severely wounded, 100% to hit)
The magic dart hits the orc.
You kill the orc!
Casting: Magic Dart (safe; 2% risk of failure)
Confirm with . or Enter, or press ? or * to list all spells.
Aiming: Magic Dart (safe; 2% risk of failure)
Press: ? - help, Shift-Dir - straight line, f - orc
Aim: an orc, wielding a +0 dagger (100% to hit)
The magic dart hits the orc.
The orc is moderately wounded.
The orc hits you with a +0 dagger.
You die...

...#######.#.#.#.#.#..#.........#
...# #.#.#.#.#.#........#...#
...# #.#.#.#.#.##.#..#....#.#
...# #.#.#.#.#.##.#..#.......
...# #.#.#.#.#.##.#..##.#.#.#
...# #.#.#.....##.#..##.#.#.#
##########.#.###<####.#..##...#.#
.........#.#.########.#.......#..
................@o.............##
.........#.##########.#.........#
.........#............#+#####...#
........^#############......##...
...................# #......##...
(..................# #......###..
...................# ##'#........
...######..........# #.#.######.
##.# #..........# #.#†# #.


You could see an orc.

Vanquished Creatures
  2 adders
  A worm (D:2)
  A dart slug (D:2)
  4 orcs
  6 ball pythons
  5 endoplasms
  A giant cockroach (D:3)
  9 goblins
  3 hobgoblins
  6 jackals (D:1)
  7 kobolds
  4 quokkas
  3 bats
  A frilled lizard (D:1)
  7 rats
60 creatures vanquished.

Notes
Turn   | Place    | Note
-------+----------+-------------------------------------------
     0 | D:1      | McKennaii the Demigod Conjurer began the quest for the Orb.
     0 | D:1      | Reached XP level 1. HP: 14/14 MP: 5/5
    68 | D:1      | Reached skill level 2 in Spellcasting
   195 | D:1      | Reached XP level 2. HP: 5/20 MP: 1/8
   970 | D:1      | Reached skill level 3 in Spellcasting
  1199 | D:1      | Reached XP level 3. HP: 26/26 MP: 8/10
  1202 | D:1      | Learned a level 2 spell: Searing Ray
  3050 | D:3      | Noticed Ijyb
  3066 | D:2      | Reached XP level 4. HP: 31/33 MP: 0/12
  3071 | D:2      | Learned a level 4 spell: Iskenderun's Mystic Blast
  3183 | D:3      | Reached skill level 4 in Spellcasting
  3215 | D:2      | Slain by an orc

Illustrated notes

Levels and vault maps discovered:
D:1:      dpeg_arrival_court, layout_loops_corners, basic_ecumenical_altar,
          dk_noncrumbling_3, kennysheep_another_room, st_stairs_8,
          chequers_avenue, minmay_hexomino_u4
D:2:      layout_basic
D:3:      layout_loops_ring, led_sif_pool, serial_shops, shop, uniq_ijyb

Skill      XL: |  1  2  3  4 |
---------------+-------------+-----
Spellcasting   | 2 3 4 |  4.0
Dodging        | |  1.7
Stealth        | |  1.7
Conjurations   | |  3.6

Action                   |  1- 3 |  4- 6 || total
-------------------------+-------+-------++-------
Melee: Unarmed           |     5 |       ||     5
 Cast: Magic Dart        |   131 |    15 ||   146
Armor: Robe              |     2 |       ||     2
Dodge: Dodged            |    12 |     4 ||    16
